 Dungeon Crawl Stone Soup version 0.18-a0-1575-g920359c (webtiles) character file.

105 Duffy the Sneak (level 5, 33/43 HPs)
             Began as a Formicid Assassin on Mar 16, 2016.
             Quit the game on level 3 of the Dungeon.
             The game lasted 00:02:26 (2816 turns).

Duffy the Sneak (Formicid Assassin)                 Turns: 2816, Time: 00:02:26

Health: 33/43      AC: 12    Str: 16    XL:     5   Next: 9%
Magic:  5/5        EV:  5    Int: 10    God:
Gold:   100        SH:  0    Dex: 13    Spells: 0 memorised, 4 levels left

rFire  . . .     SeeInvis +     t - +1 dagger (speed)
rCold  . . .     Gourm    .     p - +0 plate armour
rNeg   . . .     Faith    .     (no shield)
rPois  .         Spirit   .     (helmet unavailable)
rElec  .         Dismiss  .     d - +0 cloak
rCorr  .         Reflect  .     (no gloves)
SustAt .         Harm     .     (no boots)
MR     .....                    (no amulet)
Stlth  ..........               (no ring)
                                (no ring)

@: not resistant to hostile enchantments, extremely unstealthy
A: permanent stasis, dig shafts and tunnels, four strong arms, antennae 3
a: Dig, Shaft Self


You were on level 3 of the Dungeon.
You were very hungry.

You visited 1 branch of the dungeon, and saw 3 of its levels.

You collected 100 gold pieces.


Innate Abilities, Weirdness & Mutations

You are under a permanent stasis effect.
You can dig through walls and to a lower floor.
Your four strong arms can wield two-handed weapons with a shield.
You have a pair of large antennae on your head (SInv).


   Skills:
 + Level 4.5 Fighting
 - Level 2.0 Short Blades
 - Level 2.0 Throwing
 + Level 2.4 Armour
 - Level 0.8 Dodging
 - Level 4.8 Stealth


You had 4 spell levels left.
You didn't know any spells.

Inventory:

Hand Weapons
 a - a +2 dagger
 b - a +0 blowgun
 t - a +1 dagger of speed (weapon)
Missiles
 e - 8 poisoned needles
 f - 2 curare-tipped needles
Armour
 c - a +0 robe
 d - a +0 cloak (worn)
 p - a +0 plate armour (worn)
Scrolls
 k - 2 scrolls of amnesia
 l - a scroll of identify
Potions
 h - 2 potions of mutation {unknown}
 j - a potion of heal wounds {unknown}
 m - 5 potions of curing {unknown}
Comestibles
 g - a bread ration
 i - a meat ration
 n - 2 slices of pizza

Dungeon Overview and Level Annotations

Branches:
Dungeon (3/15)

Altars:
Fedhas
Kikubaaqudgha
Vehumet
The Shining One


Message History

No target in view!
No target in view!
No target in view!
No target in view!
No target in view!
No target in view!
No target in view!
Read which item? (? for menu, Esc to quit)
As you read the scroll labeled JIALLU USOHELU, it crumbles to dust.
You hear the tinkle of a tiny bell.
It was a scroll of random uselessness.
Read which item? (? for menu, Esc to quit)
As you read the scroll labeled HUUNEMN RUSUUCH, it crumbles to dust.
You feel aware of your surroundings.
It was a scroll of magic mapping.
Read which item? (? for menu, Esc to quit)
As you read the scroll labeled BIEGGEOCZUC, it crumbles to dust.
It is a scroll of recharging.
You aren't carrying any rechargeable items.
Read which item? (? for menu, Esc to quit)
As you read the scroll labeled INI HE GUNK, it crumbles to dust.
It is a scroll of enchant weapon.
Enchant which weapon? (? for menu, Esc to quit)
Your +0 dagger of speed glows red for a moment.
Read which item? (? for menu, Esc to quit)
As you read the scroll labeled IRAMISHOQU, it crumbles to dust.
You feel as if something is helping you.
It was a scroll of remove curse.
Read which item? (? for menu, Esc to quit)
As you read the scroll labeled TYOPUSUUDI, it crumbles to dust.
It is a scroll of identify.
Identify which item? (\ to view known items) (? for menu, Esc to quit)
k - 2 scrolls of amnesia Read which item? (? for menu, Esc to quit)
You have no spells to forget!
Are you sure you want to abandon this character and quit the game? (Confirm with "yes".)

#.#.....## #........#
######.#.#..#.#####.##.....##
#........#.###......#.......#
#.####......#.#######..#.##.#
#.#####..)##.## #..#.##.#
#.##......#### #..#.##.#
#.##.##...######## #..#.##.#
#.......####.....# #....<..#
####.#### #.@.<.# ##(.....#
##.## #....b# ###.#### #.#.#
#..b.b# ##.## ##.## #b.b.b#
#...# #.# #...b.# ##.## #.#
#.....## #.# #.# ###....# #.#
#.# ####.# #.# #.###### #.#
#.#


There were no monsters in sight!

Action                   |  1- 3 |  4- 6 || total
-------------------------+-------+-------++-------
Melee: Dagger            |    94 |   219 ||   313
  Use: Scroll            |       |     6 ||     6
 Stab: Sleeping          |     9 |       ||     9
  Eat: Chunk             |       |     5 ||     5

Notes
Turn   | Place    | Note
--------------------------------------------------------------
     0 | D:1      | Duffy the Formicid Assassin began the quest for the Orb.
     0 | D:1      | Reached XP level 1. HP: 16/16 MP: 1/1
   198 | D:1      | Reached XP level 2. HP: 23/23 MP: 2/2
   207 | D:1      | Reached skill level 3 in Fighting
   636 | D:1      | Reached XP level 3. HP: 29/29 MP: 3/3
   984 | D:2      | Reached skill level 4 in Fighting
  1305 | D:2      | Reached skill level 1 in Armour
  1400 | D:2      | Reached XP level 4. HP: 25/37 MP: 4/4
  2114 | D:3      | Found a radiant altar of Vehumet.
  2114 | D:3      | Found a glowing golden altar of the Shining One.
  2367 | D:3      | Reached skill level 2 in Armour
  2500 | D:3      | Reached XP level 5. HP: 37/43 MP: 5/5
  2574 | D:3      | Found an ancient bone altar of Kikubaaqudgha.
  2574 | D:3      | Found a blossoming altar of Fedhas.
  2816 | D:3      | Quit the game

Vault maps used:
D:1:      mainiacjoe_arrival_reflecting_pool
D:2:      kennysheep_boxes
D:3:      grunt_temple_overflow_growth_and_decay,
          gammafunk_temple_overflow_statue

Vanquished Creatures
  2 adders
  7 worms
  3 dart slugs
  A giant gecko
  5 giant cockroaches
  9 goblins
  5 hobgoblins
  3 quokkas
  A ball python
  8 bats
  2 giant newts
  5 kobolds
  10 rats
61 creatures vanquished.
